 Dungeon Crawl Stone Soup version 0.17-a0-910-ga669010 (webtiles) character file.

6654 hornqvist the Cleaver (level 11, -8/75 HPs)
             Began as a Formicid Fighter on May 2, 2015.
             Was an Initiate of Gozag.
             Killed by divine providence
             ... invoked by an orc priest
              (11 damage)
             ... on level 10 of the Dungeon.
             The game lasted 00:13:20 (10322 turns).

hornqvist the Cleaver (Formicid Fighter)           Turns: 10322, Time: 00:13:20

Health: -8/75      AC: 10    Str: 24      XL:     11   Next: 22%
Magic:  0/20       EV: 13    Int:  8      God:    Gozag
Gold:   394        SH: 14    Dex:  9 (10) Spells: 0 memorised, 10 levels left

rFire  + . .     SeeInvis +     J - +0 battleaxe
rCold  + + .     Clarity  .     n - +1 ring mail {rC+}
rNeg   . . .     SustAb   .     u - +2 shield
rPois  +         Gourm    .     (helmet unavailable)
rElec  +         Spirit   +     (no cloak)
rCorr  +         Warding  .     o - +0 pair of gloves
rMut   .         Stasis   +     (no boots)
MR     +....                    w - amulet of guardian spirit
Stlth  ..........               z - ring of magical power
                                h - +2 ring of protection

@: resistant, somewhat resistant to hostile enchantments, extremely unstealthy
A: permanent stasis, dig shafts and tunnels, four strong arms, antennae 3
a: Dig, Shaft Self, Potion Petition, Call Merchant, Bribe Branch, Renounce
Religion


You were on level 10 of the Dungeon.
You worshipped Gozag.
Gozag was noncommittal.
You were not hungry.

You visited 2 branches of the dungeon, and saw 11 of its levels.
You also visited: Sewer.

You collected 1183 gold pieces.
You paid 789 gold pieces to Gozag.

Inventory:

Hand weapons
 a - a +0 war axe
 A - a +0 dire flail
 J - a +0 battleaxe (weapon)
Armour
 b - a +0 scale mail
 n - a +1 ring mail of cold resistance (worn)
 o - a +0 pair of gloves (worn)
 t - a +0 chain mail of poison resistance
 u - a +2 shield (worn)
 F - a +0 plate armour
Jewellery
 h - a +2 ring of protection (left hand)
 w - an amulet of guardian spirit (around neck)
 z - a ring of magical power (right hand)
 N - an uncursed amulet of resist mutation
Magical devices
 E - a wand of polymorph (6)
 G - a wand of flame (12)
 H - a wand of fire (7)
 I - a wand of frost (24)
Scrolls
 d - a scroll of summoning {unknown}
 f - 3 scrolls of magic mapping
 i - a scroll of recharging {unknown}
 l - 3 scrolls of remove curse
 m - 12 scrolls of identify
 q - a scroll of teleportation {unknown}
 v - 3 scrolls of enchant weapon {unknown}
 y - 4 scrolls of random uselessness {unknown}
 B - a scroll of noise {unknown}
 D - a scroll of fear {unknown}
 K - a scroll of vulnerability {unknown}
 L - a scroll of blinking {unknown}
 M - a scroll of enchant armour {unknown}
Potions
 g - a potion of brilliance
 k - a potion of curing
 p - a potion of ambrosia {unknown}
 s - a potion of resistance
 x - 4 potions of flight
 C - a potion of agility {unknown}
Books
 c - a book of Party Tricks

   Spells                             Type                      Level
   a - Summon Butterflies             Summoning                    1
   b - Apportation                    Translocation                1
   c - Tukima's Dance                 Hexes                        3
   d - Alistair's Intoxication        Transmutation/Poison         4
   e - Invisibility                   Hexes                        6
 r - a book of the Dragon

   Spells                             Type                      Level
   a - Flight                         Charms/Air                   3
   b - Cause Fear                     Hexes                        4
   c - Bolt of Fire                   Conjuration/Fire             6
   d - Dragon Form                    Transmutation                7
   e - Dragon's Call                  Summoning                    9
Comestibles
 e - 8 bread rations
 j - 3 meat rations


   Skills:
 - Level 3.2 Fighting
 * Level 11.4 Axes
 - Level 4.2 Armour
 + Level 7.5 Dodging
 + Level 10.3 Shields


You had 10 spell levels left.
You didn't know any spells.

Dungeon Overview and Level Annotations

Branches:
Dungeon (10/15)            Temple (1/1) D:6            Lair (0/8) D:8
    Orc: D:9-12

Altars:
Ashenzari
Cheibriados
Dithmenos
Elyvilon
Fedhas
Gozag
Kikubaaqudgha
Makhleb
Nemelex Xobeh
Qazlal
Sif Muna
Vehumet
Yredelemnul
The Shining One

Shops:
D:10 (

Annotations:
D:7 Prince Ribbit


Innate Abilities, Weirdness & Mutations

You are under a permanent stasis effect.
You can dig through walls and to a lower floor.
Your four strong arms can wield two-handed weapons with a shield.
You have a pair of large antennae on your head (SInv).


Message History

You barely miss the orc priest.
The orc priest calls down the wrath of Beogh upon you.
Pain shoots through your body!
* * * LOW HITPOINT WARNING * * *
You take 11 damage, and have 2/75 hp.
You now have 0/20 mp.
Your ring mail prevents you from hitting the orc priest.
You block the orc priest's attack.
You slash the orc priest! The orc priest closely misses you.
You slash the orc priest! You block the orc priest's attack.
An orc priest comes into view. It is wielding a short sword.
You closely miss the orc priest.
The orc priest shouts!
You hear a shout!
You block the orc priest's attack.
You barely miss the orc priest.
The orc priest invokes the aid of Beogh against you.
You resist with significant effort.
The orc priest calls down the wrath of Beogh upon you.
Something smites you!
You die...
Your body crumbles into a pile of gold.

#......#
###......[#
####)###
#.......#
#..#
#.......#
##.##
####.####
#..# #.#
#####'###
#..
#..$....#
##..
#....$..###
#
#...$.@oo.#
#.......#.#
$
#.......#..'
#.......# #
#.......#
#.......#
#.......#
#####'## #.#


You could see 2 orc priests.

Vanquished Creatures
  The ghost of nht the Grappler, an experienced HOMo of Okawaru (D:9)
  Joseph (D:8)
  An efreet (D:10)
  A two-headed ogre (D:9)
  A spriggan (D:7)
  A basilisk (D:8)
  A hungry ghost (D:8)
  Edmund (D:4)
  A water moccasin (D:7)
  4 orc warriors
  7 ogres
  A wasp (D:10)
  2 ice beasts (D:8)
  2 big kobolds
  2 centaurs
  The ghost of hornqvist the Ruffian, an average VSMo of Gozag (D:5)
  3 giant frogs (D:6)
  3 wyvern zombies
  3 scorpions
  5 wights (D:6)
  8 killer bees
  A quasit (D:10)
  6 hounds
  9 orc priests
  3 crimson imps
  A giant frog skeleton (D:9)
  5 jellies
  A centaur zombie (D:7)
  9 orc wizards
  Jessica (D:2)
  8 iguanas
  7 worker ants
  2 hound zombies (D:7)
  A hound skeleton (D:8)
  A worker ant zombie (D:6)
  10 adders
  7 gnolls
  4 shadow imps
  An adder zombie (D:7)
  2 oozes
  A worm (D:5)
  A giant gecko (D:7)
  35 orcs
  17 bats
  3 giant cockroaches
  12 hobgoblins
  27 jackals
  23 kobolds
  A ball python (D:1)
  A giant gecko skeleton (D:5)
  A giant gecko zombie (D:7)
  4 giant newts
  18 goblins
  A jackal skeleton (D:4)
  A jackal zombie (D:9)
  2 quokkas
  14 rats
  3 ballistomycetes (D:8)
294 creatures vanquished.

Vanquished Creatures (others)
  A giant spore (D:8)
1 creature vanquished.

Grand Total: 295 creatures vanquished

Notes
Turn   | Place    | Note
--------------------------------------------------------------
     0 | D:1      | hornqvist, the Formicid Fighter, began the quest for the Orb.
     0 | D:1      | Reached XP level 1. HP: 18/18 MP: 1/1
   127 | D:1      | Reached XP level 2. HP: 17/24 MP: 2/2
   284 | D:1      | You fall through a shaft!
   476 | D:1      | Reached XP level 3. HP: 24/29 MP: 3/3
   697 | D:1      | Reached skill level 1 in Dodging
   722 | D:1      | Reached skill level 4 in Shields
   962 | D:2      | Reached XP level 4. HP: 32/35 MP: 4/4
  1421 | D:2      | Noticed Jessica
  1433 | D:2      | Killed Jessica
  1692 | D:2      | Reached XP level 5. HP: 41/41 MP: 5/5
  1706 | D:2      | Found a burning altar of Makhleb.
  1706 | D:2      | Noticed a green death
  1709 | D:2      | Noticed a hellwing
  1709 | D:2      | Noticed a neqoxec
  1790 | D:3      | Found a sparkling altar of Nemelex Xobeh.
  1804 | D:3      | Found a blossoming altar of Fedhas.
  1983 | D:3      | Found a glowing drain.
  2011 | Sewer    | Entered a sewer
  2079 | Sewer    | Reached XP level 6. HP: 34/47 MP: 6/6
  2097 | Sewer    | Found a white marble altar of Elyvilon.
  2622 | D:4      | Reached skill level 5 in Shields
  2798 | D:4      | Noticed Edmund
  2816 | D:4      | Killed Edmund
  2816 | D:4      | Reached XP level 7. HP: 29/52 MP: 7/7
  2915 | D:4      | Reached skill level 5 in Axes
  2981 | D:4      | Found a deep blue altar of Sif Muna.
  3233 | D:5      | Entered Level 5 of the Dungeon
  3372 | D:5      | Reached XP level 8. HP: 4/58 MP: 8/8
  3382 | D:5      | Reached skill level 6 in Axes
  3420 | D:5      | Noticed hornqvist's ghost (average VSMo)
  3651 | D:5      | Killed hornqvist's ghost
  3746 | D:5      | Found a shattered altar of Ashenzari.
  4132 | D:6      | Reached skill level 7 in Axes
  4305 | D:6      | Reached XP level 9. HP: 47/64 MP: 9/9
  4458 | D:6      | Reached skill level 8 in Axes
  4739 | D:6      | Found a blossoming altar of Fedhas.
  4758 | D:6      | Reached skill level 5 in Dodging
  4982 | D:6      | Found a sparkling altar of Nemelex Xobeh.
  5006 | D:6      | Found a basalt altar of Yredelemnul.
  5434 | D:6      | Found a staircase to the Ecumenical Temple.
  5440 | Temple   | Entered the Ecumenical Temple
  5512 | Temple   | Became a worshipper of Gozag Ym Sagoz the Greedy
  5584 | D:7      | Noticed Prince Ribbit
  5652 | D:7      | Reached skill level 9 in Axes
  6059 | D:7      | Reached XP level 10. HP: 52/70 MP: 10/10
  6895 | D:8      | Found a staircase to the Lair.
  6902 | D:8      | Noticed Joseph
  6950 | D:8      | Killed Joseph
  6950 | D:8      | Reached skill level 10 in Axes
  8192 | D:9      | Noticed nht's ghost (experienced HOMo)
  8205 | D:9      | HP: 2/70 [nht's ghost (20)]
  8216 | D:9      | Killed nht's ghost
  8647 | D:9      | Reached skill level 11 in Axes
  8647 | D:9      | Reached XP level 11. HP: 62/75 MP: 11/11
  9599 | D:9      | Reached skill level 10 in Shields
  9827 | D:10     | Entered Level 10 of the Dungeon
  9827 | D:10     | Found Plog's Antique Weapon Shoppe.
 10317 | D:10     | HP: 2/75 [orc priest/nerve-wracking pain (11)]
 10322 | D:10     | Killed from afar by an orc priest

Action                   |  1- 3 |  4- 6 |  7- 9 | 10-12 || total
-------------------------+-------+-------+-------+-------++-------
Melee: War axe           |   104 |   185 |   410 |    74 ||   773
       Battleaxe         |       |       |       |   364 ||   364
Invok: Call Merchant     |       |       |       |     1 ||     1
  Use: Scroll            |       |     3 |     1 |       ||     4
       Potion            |       |     2 |     6 |    14 ||    22
 Stab: Distracted        |       |       |       |     2 ||     2
  Eat: Chunk             |       |     7 |    10 |       ||    17
       Fruit             |       |       |       |     8 ||     8
       Royal jelly       |       |       |       |     1 ||     1
       Bread ration      |       |       |       |     2 ||     2
